 Dungeon Crawl Stone Soup version 0.21.1-1-g345015f (webtiles) character file.

86 Kairos the Cudgeler (level 4, 28/28 HPs)
             Began as a Gargoyle Gladiator on Mar 27, 2018.
             Got out of the dungeon alive.
             The game lasted 00:01:55 (1635 turns).

Kairos the Cudgeler (Gargoyle Gladiator)            Turns: 1635, Time: 00:01:55

Health: 28/28      AC:  9    Str: 19    XL:     4   Next: 49%
Magic:  4/4        EV: 11    Int:  8    God:
Gold:   107        SH:  0    Dex: 11    Spells: 3/3 levels left

rFire    + . .     SeeInvis .   a - +0 flail
rCold    . . .     Gourm    .   (no shield)
rNeg     + . .     Faith    .   i - +0 ring mail
rPois    ∞         Spirit   .   c - +0 helmet
rElec    +         Reflect  .   (no cloak)
rCorr    .         Harm     .   (no gloves)
MR       .....                  (no boots)
Stlth    +.........             (no amulet)
HPRegen  0.09/turn              e - ring of protection from fire
MPRegen  0.09/turn              t - ring of poison resistance (curse)

@: no status effects
A: negative energy resistance 1, electricity resistance, unbreathing,
petrification resistance, rot immunity, AC +3
a: no special abilities


You escaped.
You were not hungry.

You visited 1 branch of the dungeon, and saw 2 of its levels.

You collected 107 gold pieces.

Inventory:

Hand Weapons
 a - a +0 flail (weapon)
Missiles
 d - 3 throwing nets (quivered)
Armour
 b - a +0 leather armour
 c - a +0 helmet (worn)
 i - a +0 ring mail (worn)
Jewellery
 e - a ring of protection from fire (left hand)
 h - a +4 ring of intelligence
 t - a cursed ring of poison resistance (right hand)
Scrolls
 g - 2 scrolls of remove curse {unknown}
 j - a scroll of fear {unknown}
 k - a scroll of teleportation {unknown}
 m - a scroll of enchant weapon {unknown}
 n - a scroll of immolation {unknown}
 p - a scroll of blinking {unknown}
 s - a scroll of amnesia {unknown}
Potions
 l - 2 potions of lignification {unknown}
 o - a potion of magic {unknown}
 q - a potion of cancellation {unknown}
 r - a potion of mutation {unknown}
 u - a potion of degeneration {unknown}
Comestibles
 f - 6 rations


   Skills:
 + Level 3.0 Fighting
 + Level 4.1 Maces & Flails
 + Level 1.8 Throwing
 + Level 1.1 Armour
 + Level 2.8 Dodging
 + Level 0.2 Stealth


You had 3 spell levels left.
You didn't know any spells.

Dungeon Overview and Level Annotations

Branches:
Dungeon (2/15)

Altars:
Fedhas


Innate Abilities, Weirdness & Mutations

You are resistant to torment.
Your stone body is resilient. (AC +3)
You are immune to poison.
You resist negative energy. (rN+)
You are resistant to electric shocks. (rElec)
You can survive without breathing.
You are immune to petrification.
You are immune to rotting.


Message History

(? for menu, Esc to cancel) < or
e - a ring of protection from fire; > or
h - a +4 ring of intelligence You remove your +4 ring of intelligence.
You feel stupid.
Oops, that ring feels deathly cold.
t - a cursed ring of poison resistance (right hand)
You enter the shallow water.
Moving in this stuff is going to be slow.
You enter the shallow water.
Moving in this stuff is going to be slow.
There is a stone staircase leading up here.
You climb upwards.
There is a stone staircase leading down here.
There is an open door here.
There is a fountain of clear blue water here.
There is a dry fountain here.
There is a staircase leading out of the dungeon here.
You can't go down here!
Are you sure you want to leave the Dungeon?
This will make you lose the game!
You have escaped!

....#..#........#....#+#......#
....#..##########....#.#......##
....#..# #....#.........#
....'..# #....##........##
....#..# ##+####.>........
######.# #..............#
#.....# ##############....#
#.....# ##...## #[...# #.....#
##..@..## #....# #.....#
##.......## #....# #.....#
##..⌠...⌠..## #....# #.....#
##...........## ####..
######.###.⌠....⌠....⌠.## ###
.......##.).............## #
########..⌠...⌠...⌠...⌠..## #
##.............(.....#######
#......⌠.......⌠......#.....


There were no monsters in sight!

Vanquished Creatures
  A worker ant (D:2)
  2 adders (D:2)
  An ooze (D:2)
  A worm (D:2)
  A dart slug (D:2)
  5 hobgoblins
  A quokka (D:2)
  A ball python (D:1)
  A bat (D:2)
  3 frilled lizards
  9 goblins
  6 kobolds
  4 rats
36 creatures vanquished.

Notes
Turn   | Place    | Note
-------+----------+-------------------------------------------
     0 | D:1      | Kairos the Gargoyle Gladiator began the quest for the Orb.
     0 | D:1      | Reached XP level 1. HP: 12/12 MP: 1/1
   206 | D:1      | Reached XP level 2. HP: 9/18 MP: 2/2
   835 | D:2      | Found a blossoming altar of Fedhas.
   972 | D:2      | Reached XP level 3. HP: 22/22 MP: 3/3
  1359 | D:2      | Found a faded altar of an unknown god.
  1449 | D:2      | Reached skill level 4 in Maces & Flails
  1449 | D:2      | Reached skill level 1 in Armour
  1449 | D:2      | Reached XP level 4. HP: 20/27 MP: 4/4
  1635 | D:$      | Got out of the dungeon alive.

Skill      XL: |  1  2  3  4 |
---------------+-------------+-----
Maces & Flails | 4 |  4.1
Armour         | 1 |  1.1
Fighting       | 3 |  3.0
Throwing       | |  1.8
Dodging        | |  2.8
Stealth        | |  0.2

Action                   |  1- 3 |  4- 6 || total
-------------------------+-------+-------++-------
Melee: Flail             |   117 |     6 ||   123
  Eat: Chunk             |     2 |       ||     2
Armor: Leather armour    |     9 |       ||     9
       Ring mail         |    43 |     1 ||    44
Dodge: Dodged            |    66 |     3 ||    69
